 Dungeon Crawl Stone Soup version 0.28.0-53-g5a82cb258f (webtiles) character file.

Game seed: 16577095132242384166

1136 sanboga the Cleaver (level 8, -9/71 HPs)
             Began as a Minotaur Berserker on July 22, 2022.
             Was an Elder of Trog.
             Mangled by an ogre
             ... wielding a +0 giant club
              (17 damage)
             ... on level 5 of the Dungeon.
             The game lasted 00:05:39 (4051 turns).

sanboga the Cleaver (Minotaur Berserker)            Turns: 4051, Time: 00:05:40

Health: -9/71      AC:  8    Str: 24    XL:     8   Next: 14%
Magic:  7/7        EV: 11    Int:  4    God:    Trog [****..]
Gold:   196        SH:  0    Dex:  8    Spells: 7/7 levels left

rFire   + + .      SeeInvis .   a - +0 hand axe
rCold   . . .      Faith    .   c - orb {light}
rNeg    . . .      Spirit   .   i - +0 ring mail "Noxuledaa" {rF++ Will+ Regen+ Dex-2}
rPois   .          Reflect  .   (helmet restricted)
rElec   .          Harm     .   k - +0 cloak
rCorr   .          Rampage  .   (no gloves)
Will    +....                   d - +0 pair of boots
Stlth   ..........              (no amulet)
HPRegen 1.01/turn               (no ring)
MPRegen 0.10/turn               (no ring)

@: glowing
A: horns 2, retaliatory headbutt
a: Renounce Religion, Berserk, Trog's Hand, Brothers in Arms


You were on level 5 of the Dungeon.
You worshipped Trog.
Trog was greatly pleased with you.
You visited 1 branch of the dungeon, and saw 5 of its levels.
You also visited: Sewer.

You collected 196 gold pieces.

Inventory:

Hand Weapons
 a - a +0 hand axe (weapon)
Armour
 c - an orb of light (worn)
 d - a +0 pair of boots (worn)
 i - the +0 ring mail "Noxuledaa" (worn) {rF++ Will+ Regen+ Dex-2}
   (You found it on level 4 of the Dungeon)

   Dex:       It affects your dexterity (-2).
   rF:        It greatly protects you from fire.
   Regen:     It increases your rate of health regeneration.
   Will:      It increases your willpower.
 k - a +0 cloak (worn)
Wands
 h - a wand of polymorph (7)
 j - a wand of digging (3)
Scrolls
 g - a scroll of teleportation
 m - a scroll of fog
Potions
 b - a potion of berserk rage {unknown}
 f - 2 potions of attraction {unknown}


   Skills:
 + Level 6.8 Fighting
 * Level 9.0 Axes
 + Level 6.2 Armour
 - Level 2.1 Dodging


You had 7 spell levels left.
You didn't know any spells.
Your spell library was empty.

Dungeon Overview and Level Annotations

Branches:
Dungeon (5/15)             Temple (0/1) D:4           Sewer (visited)

Altars:
Wu Jian

Shops:
D:3 (


Innate Abilities, Weirdness & Mutations

You have a pair of horns on your head.
You reflexively headbutt those who attack you in melee.


Message History

The ogre shouts!
There is a stone staircase leading up here.
You slash the jelly!
Your hands burn!
The jelly is heavily wounded.
The jelly barely misses you.
You slash the jelly!
Your hands burn!
The jelly is almost dead.
A hound comes into view.
The hound barks!
You slash the jelly!
You kill the jelly!
Trog accepts your kill.
Your Axes skill increases to level 9!
A jelly comes into view.
Found 10 gold pieces.
The jelly quivers.
The ogre hits you with a +0 giant club!
You hit the ogre.
The ogre is lightly wounded.
The ogre hits you with a +0 giant club!!
You slash the ogre!
The ogre is moderately wounded.
A howler monkey skeleton comes into view.
You hit the ogre but do no damage. You headbutt the ogre.
The ogre is heavily wounded.
You hit the hound. The ogre hits you with a +0 giant club!
* * * LOW HITPOINT WARNING * * *
The hound barely misses you.
A dart slug comes into view.
You are too injured to fight recklessly!
You slash the ogre!
The ogre is almost dead.
You hit the hound but do no damage. The hound bites you but does no damage.
The ogre hits you with a +0 giant club!
* * * LOW HITPOINT WARNING * * *
You are too injured to fight recklessly!
The hound barely misses you. You furiously retaliate!
You headbutt the hound!
There is a stone staircase leading up here.
The hound barely misses you. The ogre hits you with a +0 giant club!
You die...

............[......
..................
.........?.....##
...............#
#.............##
##............#
#####.####...#
#........####
#........@...#
..#.....JhO..#.#..
#...............
#............#.#.
..#.............$
.##...<.Z.)......
#............##
#......w....##
#...........#


You could see an ogre, a hound, a jelly, a dart slug and a howler monkey
skeleton.

Vanquished Creatures
  Sigmund (D:2)
  A black bear (D:4)
  An ogre (D:4)
  The ghost of turdburglar the Sneak, an amateur DsEn (D:3)
  2 bullfrogs (Sewer)
  2 howler monkeys (D:4)
  A jelly (D:5)
  Crazy Yiuf (D:2)
  2 hounds (D:4)
  Natasha (thrice) (D:2)
  An iguana (D:4)
  7 adders
  8 gnolls
  A river rat (D:3)
  2 worms (D:3)
  3 dart slugs
  12 orcs
  4 bats
  17 endoplasms
  9 giant cockroaches
  7 hobgoblins
  10 kobolds
  7 quokkas
  15 ball pythons
  21 frilled lizards
  6 goblins
  5 rats
150 creatures vanquished.

Vanquished Creatures (others)
  2 fungi (D:2)
2 creatures vanquished.

Grand Total: 152 creatures vanquished

Notes
Turn   | Place    | Note
-------+----------+-------------------------------------------
     0 | D:1      | sanboga the Minotaur Berserker began the quest for the Orb.
     0 | D:1      | Reached XP level 1. HP: 19/19 MP: 0/0
    38 | D:1      | Reached skill level 4 in Axes
    38 | D:1      | Reached XP level 2. HP: 9/27 MP: 1/1
   515 | D:1      | Reached XP level 3. HP: 29/33 MP: 2/2
   864 | D:2      | Reached ** piety under Trog
   898 | D:2      | Noticed Sigmund
   899 | D:2      | Found a faded altar of an unknown god.
   913 | D:2      | HP: 1/33 [Sigmund/+0 scythe (7)]
   915 | D:2      | Killed Sigmund
   916 | D:2      | Reached skill level 5 in Axes
   916 | D:2      | Reached XP level 4. HP: 3/41 MP: 3/3
   916 | D:2      | Reached XP level 5. HP: 3/47 MP: 4/4
  1269 | D:2      | Reached skill level 6 in Axes
  1322 | D:2      | Noticed Natasha
  1331 | D:2      | Killed Natasha
  1332 | D:2      | Reached skill level 5 in Fighting
  1480 | D:2      | Noticed Natasha
  1488 | D:2      | Killed Natasha
  1489 | D:2      | Reached XP level 6. HP: 35/56 MP: 5/5
  1495 | D:2      | Noticed Natasha
  1528 | D:2      | Killed Natasha
  1985 | D:2      | Found a runed translucent door.
  1986 | D:2      | Noticed Crazy Yiuf
  1992 | D:2      | Killed Crazy Yiuf
  2242 | D:3      | Found a runed translucent door.
  2244 | D:3      | Noticed turdburglar's ghost (amateur DsEn)
  2271 | D:3      | Found a glowing drain.
  2297 | Sewer    | Entered a sewer
  2581 | Sewer    | Reached *** piety under Trog
  2653 | Sewer    | Reached skill level 7 in Axes
  2744 | Sewer    | Reached skill level 5 in Armour
  2744 | Sewer    | Reached XP level 7. HP: 55/62 MP: 6/6
  2959 | D:3      | Found Joderr's Weapon Boutique.
  3220 | D:3      | Killed turdburglar's ghost
  3398 | D:4      | Reached **** piety under Trog
  3401 | D:4      | Identified the +0 ring mail "Noxuledaa" {rF++ Will+ Regen+
                  | Dex-2}
  3444 | D:4      | Found a staircase to the Ecumenical Temple.
  3529 | D:4      | Reached skill level 8 in Axes
  3657 | D:4      | Found an ornate altar of the Wu Jian Council.
  3823 | D:4      | Noticed Edmund
  3824 | D:4      | Noticed Edmund
  3824 | D:4      | Edmund changed into Edmund the centaur
  3825 | D:4      | Noticed Edmund
  3825 | D:4      | Edmund the centaur changed into Edmund the howler monkey
  3829 | D:4      | Killed Edmund the howler monkey
  3830 | D:4      | Reached XP level 8. HP: 71/71 MP: 7/7
  4027 | D:5      | Entered Level 5 of the Dungeon
  4044 | D:5      | Reached skill level 9 in Axes
  4051 | D:5      | Mangled by an ogre

Illustrated notes

Levels and vault maps discovered:
D:1:      dpeg_arrival_ternary, layout_rooms, st_stairs_1
D:2:      layout_basic, dreamdust_ecumenical_altar_grove, uniq_natasha,
          uniq_crazy_yiuf_cottage, uniq_sigmund
D:3:      layout_rooms, gammafunk_ghost_grave, portal_sewer_entry_a,
          serial_shops, nicolae_shop_bloodbath_and_beyond
D:4:      layout_loops_ring, pf_just_have_faith, minmay_temple_entry_wispy,
          uniq_edmund
D:5:      layout_rooms, kennysheep_little_box, enter_ossuary_3,
          gammafunk_ghost_cemetery

Skill      XL: |  1  2  3  4  5  6  7  8 |
---------------+-------------------------+-----
Axes           | 4 5 6 7 8 9 |  9.0
Fighting       | 4 5 6 |  6.8
Armour         | 3 4 5 6 |  6.2
Dodging        | |  2.1

Action                   |  1- 3 |  4- 6 |  7- 9 || total
-------------------------+-------+-------+-------++-------
Melee: Hand axe          |    41 |   116 |   112 ||   269
       Headbutt          |     5 |    18 |    18 ||    41
       Punch             |     1 |       |       ||     1
Invok: Berserk           |     2 |     4 |     1 ||     7
Evoke: Wand              |       |       |     2 ||     2
  Use: Potion            |     1 |       |       ||     1
       Scroll            |       |     3 |     3 ||     6
Armor: Animal skin       |     5 |    37 |    10 ||    52
       Skin              |     1 |       |       ||     1
       Ring mail         |       |       |    18 ||    18
Dodge: Dodged            |    29 |    65 |    51 ||   145
